Map: Frozen Temple

Players

loosekid - Winner!

  • Race: Zerg Zerg
  • League: Platinum

Nickos

  • Race: Terran Terran
  • League: Gold

VOD

Have the link to the VOD?

Description

Time

  • Played on: Sept. 26, 2016, 10:46 p.m.
  • Length: 12:21
Show
View Real Time Build Order
Export as new Build Order

loosekid Zerg - Winner!

Build Orders: Pool First, Zergling Baneling 

Get SALT Encoding   

  12  0:01  Drone  
  13  0:09  Drone  
  14  0:17  Overlord  
  14  0:27  Extractor  
  13  0:29  Extractor  
  13  0:31  Drone  
  13  0:32  Drone  
  16  0:36  Drone  
  17  0:48  Spawning Pool  
  16  0:51  Drone  
  16  0:55  Extractor  
  16  0:56  Drone  
  17  1:11  Drone  
  18  1:25  Hatchery  
  17  1:27  Drone  
  17  1:29  Drone  
  19  1:40  Queen  
  21  1:48  Overlord  
  21  1:56  Metabolic Boost  
  21  2:02  Drone  
  21  2:04  Overlord  
  22  2:12  Zergling x2  
  23  2:18  Baneling Nest  
  22  2:24  Zergling x2  
  23  2:32  Zergling x2  
  24  2:37  Queen  
  24  2:39  Zergling x2  
  27  2:50  Zergling x4  
  29  3:02  Zergling x2  
  29  3:03  Zergling x6  
  33  3:10  Zergling x4  
  35  3:18  Baneling x6  
  35  3:20  Zergling x4  
  35  3:21  Zergling x2  
  38  3:30  Overlord  
  30  3:53  Zergling x2  
  27  3:56  Zergling x10  
  27  4:00  Drone x4  
  36  4:09  Zergling x4  
  38  4:19  Baneling x3  
  38  4:20  Baneling x2  
  38  4:21  Zergling x2  
  39  4:27  Drone x2  
  33  5:02  Zergling x2  
  33  5:03  Zergling x24  
  44  5:10  Drone x2  
  44  5:30  Drone x4  
  48  5:41  Drone x4  
  52  5:43  Overlord  
  52  5:46  Hatchery  
  52  5:47  Baneling x4  
  52  5:48  Baneling  
  51  5:58  Drone  
  51  6:00  Overlord x2  
  47  6:15  Baneling  
  47  6:16  Baneling x3  
  45  6:23  Zergling x10  
  45  6:24  Zergling x8  
  54  6:30  Lair  
  54  6:33  Extractor  
  54  6:34  Extractor  
  54  6:35  Drone x2  
  54  6:36  Extractor  
  53  6:40  Baneling x4  
  53  6:47  Drone  
  53  6:48  Drone x2  
  53  6:49  Drone x3  
  59  6:55  Baneling  
  47  7:19  Zergling x18  
  53  7:24  Queen  
  55  7:32  Drone  
  55  7:33  Drone x3  
  55  7:35  Centrifical Hooks  
  59  7:40  Baneling x4  
  59  7:41  Baneling x2  
  59  7:43  Zergling x2  
  59  7:44  Zergling x4  
  61  7:59  Zergling x14  
  61  8:00  Zergling x2  
  67  8:10  Zergling x10  
  68  8:17  Zergling x2  
  68  8:18  Zergling x2  
  68  8:19  Baneling x3  
  62  8:20  Baneling x4  
  58  8:33  Zergling x12  
  53  8:41  Zergling x2  
  53  8:42  Zergling x2  
  53  8:45  Zergling x2  
  55  8:55  Baneling  
  50  9:03  Zergling x12  
  50  9:04  Zergling x6  
  56  9:12  Zergling x4  
  58  9:18  Hydralisk Den  
  58  9:21  Evolution Chamber  
  58  9:22  Queen, Evolution Chamber  
  57  9:24  Baneling x5  
  57  9:27  Baneling x4  
  57  9:31  Drone x5  
  62  9:34  Overlord  
  62  9:42  Overlord x2  
  62  9:43  Overlord  
  62  9:47  Hydralisk x3  
  62  9:48  Hydralisk x2  
  72  9:53  Zerg Melee Weapons Level 1  
  72  9:55  Zerg Ground Armor Level 1  
  72  10:05  Hydralisk x3  
  78  10:10  Muscular Augments  
  78  10:14  Drone x2  
  78  10:15  Drone  
  78  10:19  Drone x2  
  78  10:20  Drone  
  84  10:24  Drone x2  
  84  10:27  Drone x2  
  88  10:44  Hatchery  
  88  10:46  Baneling x5  
  88  10:47  Baneling x8, Zergling x2  
  88  10:48  Zergling x2  
  89  11:01  Zergling x2  
  89  11:02  Zergling x16  
  98  11:14  Hydralisk x5  
  108  11:25  Extractor  
  107  11:27  Extractor  
  107  11:31  Infestation Pit  
  104  11:40  Hydralisk x3  
  104  11:41  Hydralisk  
  104  11:42  Zergling x4  
  114  11:49  Baneling x5  
  114  11:50  Overlord x2  
  114  11:51  Overlord  
Show
View Real Time Build Order
Export as new Build Order

Nickos Terran 

Build Orders: MMM Bio 

Get SALT Encoding   

  12  0:01  SCV  
  13  0:13  SCV  
  14  0:18  Supply Depot  
  14  0:25  SCV  
  15  0:39  SCV  
  15  0:41  Barracks  
  16  0:51  SCV  
  17  1:04  SCV  
  18  1:16  SCV  
  19  1:30  Orbital Command  
  19  1:34  Command Center, Marine  
  20  1:47  Barracks  
  20  1:52  Marine  
  21  1:58  Supply Depot  
  21  1:59  SCV  
  22  2:11  SCV  
  23  2:19  Marine  
  23  2:20  Bunker  
  24  2:28  SCV  
  25  2:33  Barracks  
  25  2:37  Marine  
  25  2:41  SCV  
  25  2:43  Refinery, Marine  
  28  2:44  Refinery  
  28  2:52  Supply Depot  
  28  2:54  Orbital Command  
  28  2:56  SCV  
  28  2:57  Marine  
  30  3:08  SCV  
  30  3:09  Marine  
  31  3:15  Supply Depot  
  31  3:20  Barracks Tech Lab, SCV, Marine  
  33  3:29  SCV  
  33  3:32  SCV  
  35  3:36  Barracks Reactor  
  30  3:55  Marine x2  
  26  4:13  Marine  
  27  4:20  Marine x2  
  27  4:21  Marine  
  30  4:30  Supply Depot  
  30  4:31  Supply Depot, Marine  
  30  4:32  SCV  
  30  4:33  Supply Depot x2  
  30  4:37  Bunker  
  30  4:38  Marine x3  
  35  4:53  Marine  
  35  4:56  Marine x2  
  35  5:02  Marine  
  35  5:06  Orbital Command  
  34  5:11  Marine  
  34  5:13  Marine  
  34  5:14  Marine  
  33  5:19  Marine  
  34  5:26  Supply Depot  
  34  5:29  Marine  
  34  5:31  Marine  
  36  5:38  SCV x2  
  38  5:45  Marine  
  38  5:47  Marauder  
  41  5:56  Supply Depot  
  40  6:16  Stimpack  
  40  6:17  Marine  
  40  6:18  Marine x3  
  43  6:25  Supply Depot  
  44  6:27  SCV  
  44  6:28  SCV  
  44  6:29  Supply Depot, Factory  
  46  6:35  Marine  
  46  6:38  Marine  
  46  6:39  SCV, Marine x2  
  51  6:42  Supply Depot  
  51  6:43  SCV  
  51  6:46  Supply Depot  
  52  6:52  SCV  
  52  6:53  Marine  
  54  6:55  SCV  
  54  6:56  Marine  
  54  7:00  Orbital Command  
  55  7:04  SCV  
  53  7:19  Marine x2  
  53  7:20  Marine x2  
  53  7:22  SCV  
  58  7:34  SCV  
  59  7:37  Marine x3  
  59  7:38  Marine  
  59  7:43  Factory Reactor  
  63  7:55  Marine x4  
  52  8:13  Marine x4  
  55  8:30  Marine  
  55  8:31  Marine x3  
  40  8:48  Marine x2  
  40  8:49  Marine x2  
  43  8:59  Starport  
  42  9:06  Marine x2  
  42  9:07  Marine  
  40  9:11  Marine  
  39  9:24  Marine x3  
  39  9:29  Marine  
  43  9:31  Supply Depot  
  43  9:34  Supply Depot  
  43  9:38  Combat Shields, Supply Depot  
  43  9:43  Marine  
  43  9:44  Marine x2  
  46  9:47  Widow Mine, Marine  
  46  9:50  Liberator  
  49  10:01  Marine x2  
  49  10:02  SCV x2, Marine  
  49  10:05  Marauder  
  59  10:14  SCV  
  59  10:19  Marine x2  
  62  10:30  Marine  
  62  10:31  Marauder  
  62  10:33  Widow Mine  
  67  10:37  Marine x2  
  67  10:41  SCV x2  
  71  10:47  Medivac  
  71  10:48  Marine  
  74  10:52  Marine  
  74  10:53  SCV  
  74  10:55  Marine x2  
  78  11:06  Marine  
  79  11:23  Marine x3  
  81  11:47  Marine x3  
Tags
 
Add a new tag
Caveats
  • Supply blocks, unpowered buildings, or Contaminate may cause inaccurate times.
  • Supply counts are checked every 10 seconds.